 Dungeon Crawl Stone Soup version 0.20-a0-926-g560771d (webtiles) character file.

18264 Isola the Impaler (level 12, 0/91 HPs)
             Began as a Merfolk Skald on Mar 28, 2017.
             Was the Champion of Okawaru.
             Slain by a skeletal warrior
             ... wielding a +0 glaive
             ... led by a skeletal warrior
              (19 damage)
             ... on level 11 of the Dungeon.
             The game lasted 00:28:07 (14919 turns).

Isola the Impaler (Merfolk Skald)                  Turns: 14919, Time: 00:28:07

Health: 0/91       AC: 12    Str: 11    XL:     12   Next: 56%
Magic:  4/19       EV: 23    Int: 17    God:    Okawaru [******]
Gold:   160        SH:  0    Dex: 14    Spells: 4/15 levels left

rFire    . . .     SeeInvis .   j - +0 glaive (freeze)
rCold    . . .     Gourm    .   (shield currently unavailable)
rNeg     . . .     Faith    .   b - +0 leather armour
rPois    .         Spirit   .   F - +0 helmet
rElec    .         Reflect  .   q - +1 cloak
rCorr    .         Harm     .   r - +0 pair of gloves
MR       .....                  (no boots)
Stlth    +++.......             (no amulet)
Regen    0.3/turn               n - +4 ring of evasion
MPRegen  0.2/turn               C - +4 ring of protection

@: heroism, very slightly contaminated, hasted, very quick
A: change form in water, swift swim, stealthy swim
a: Heroism, Finesse, Renounce Religion


You were on level 11 of the Dungeon.
You worshipped Okawaru.
Okawaru was exalted by your worship.
You were near starving.

You visited 1 branch of the dungeon, and saw 11 of its levels.

You collected 604 gold pieces.
You spent 444 gold pieces at shops.

Inventory:

Hand Weapons
 j - a +0 glaive of freezing (weapon)
 w - a +1 trident
Missiles
 B - 6 needles of frenzy
Armour
 b - a +0 leather armour (worn)
 q - a +1 cloak (worn)
 r - a +0 pair of gloves (worn)
 F - a +0 helmet (worn)
Jewellery
 n - a +4 ring of evasion (left hand)
 o - an uncursed ring of magical power
 v - an uncursed ring of fire
 C - a +4 ring of protection (right hand)
 G - an uncursed ring of ice
 L - an uncursed ring of magical power
 O - an uncursed ring of wizardry
Wands
 e - a wand of lightning (8/15)
 s - a wand of digging (15/24)
 I - a wand of disintegration (8/24)
 S - a wand of flame (27/48)
 T - a wand of lightning (1/15)
Scrolls
 l - a scroll of noise {unknown}
 m - 2 scrolls of immolation {unknown}
 x - 2 scrolls of teleportation {unknown}
 y - 5 scrolls of fear
 z - a scroll of fog {unknown}
 A - a scroll of magic mapping {unknown}
 E - 2 scrolls of amnesia {unknown}
 H - 6 scrolls of remove curse
 M - a scroll of blinking {unknown}
 R - a scroll of random uselessness {unknown}
Potions
 f - 2 potions of lignification
 h - 2 potions of ambrosia {unknown}
 i - 2 potions of cancellation
 k - 6 potions of curing
 p - a potion of mutation {unknown}
 t - a potion of agility {unknown}
 u - 2 potions of flight {unknown}
 J - a potion of might
Books
 c - a book of Battle

   Spells                             Type                      Level
   a - Infusion                       Charms                       1
   b - Shroud of Golubria             Charms/Translocation         2
   c - Song of Slaying                Charms                       2
   d - Spectral Weapon                Hexes/Charms                 3
   e - Regeneration                   Charms/Necromancy            3
 N - a book of Power

   Spells                             Type                      Level
   a - Iskenderun's Battlesphere      Conjuration/Charms           5
   b - Venom Bolt                     Conjuration/Poison           5
   c - Bolt of Magma                  Conjuration/Fire/Earth       5
   d - Iron Shot                      Conjuration/Earth            6
   e - Orb of Destruction             Conjuration                  7
   f - Spellforged Servitor           Conjuration/Summoning        7
 P - a book of Enchantments

   Spells                             Type                      Level
   a - Cause Fear                     Hexes                        4
   b - Yara's Violent Unravelling     Hexes/Transmutation          5
   c - Silence                        Hexes/Air                    5
   d - Deflect Missiles               Charms/Air                   6
   e - Discord                        Hexes                        8
Comestibles
 a - 2 meat rations
 d - 10 bread rations
 g - 7 royal jellies
 Q - 25 fruits
 U - a chunk of flesh


   Skills:
 + Level 7.6(12.6) Fighting
 * Level 18.1(23.1) Polearms
 - Level 0.6(5.6) Armour
 - Level 6.6(11.6) Dodging
 - Level 2.0 Spellcasting
 * Level 10.3 Charms
 - Level 10.0 Invocations


You had 4 spell levels left.
You knew the following spells:

 Your Spells              Type           Power        Failure   Level  Hunger
a - Infusion              Chrm           ####         1%          1    #......
b - Shroud of Golubria    Chrm/Tloc      ###.......   6%          2    ###....
c - Song of Slaying       Chrm           #####...     1%          2    ###....
d - Spectral Weapon       Hex/Chrm       ###.....     12%         3    ###....
e - Regeneration          Chrm/Necr      ###.......   12%         3    ###....


Dungeon Overview and Level Annotations

Branches:
Dungeon (11/15)            Temple (0/1) D:7             Orc (0/2) D:9
   Lair: D:8-11

Altars:
Cheibriados
Hepliaklqana
Makhleb
Nemelex Xobeh
Okawaru
Vehumet
Xom
Yredelemnul
Zin

Shops:
D:5 (   D:6 =}   D:9 !


Message History

* * * LOW HITPOINT WARNING * * *
The skeletal warrior hits you but does no damage. x2
You feel much better.
You feel less wooden.
Your +1 cloak unmelds from your body.
Your +0 helmet unmelds from your body.
Your +0 pair of gloves unmelds from your body.
Your +0 leather armour unmelds from your body.
The skeletal warrior hits you from afar with an enchanted glaive.
The skeletal warrior barely misses you.
The skeletal warrior hits you with a war axe of electrocution!
* * * LOW HITPOINT WARNING * * *
You feel much better.
The skeletal warrior hits you from afar with a glaive!!
The skeletal warrior completely misses you.
You feel yourself speed up.
The skeletal warrior hits you from afar with a trident!
* * * LOW HITPOINT WARNING * * *
The skeletal warrior hits you but does no damage.
The skeletal warrior hits you from afar with a glaive!!
You die...

.............#
.............#
#....(.....#
#.....<....#
#..(.(.....#
#......<..##
#..((....##
#.#(###### #
#@# #z#


zzz .cKz. ....... ........# .........# ..>.......# You could see 5 skeletal
warriors, a centaur, a kobold and a friendly spectral glaive of freezing.

Vanquished Creatures
  The ghost of Mulkerokala the Thrower, a journeyman OgAM of Okawaru (D:10)
  Snorg (D:10)
  6 two-headed ogres
  2 unseen horrors
  4 skeletal warriors (D:11)
  Joseph (D:7)
  A gargoyle (D:11)
  2 kobold demonologists (D:11)
  A hornet (D:9)
  2 hippogriffs (D:9)
  Prince Ribbit (D:7)
  6 yaks (D:10)
  A shadow (D:11)
  3 hungry ghosts
  Duvessa (D:7)
  2 water moccasins
  5 sky beasts
  3 phantoms
  An orc warrior (D:8)
  A necrophage (D:6)
  3 ogres
  9 centaurs
  The ghost of Isola the Poker, an amateur MfSk (D:3)
  5 big kobolds
  7 bullfrogs
  Dowan (D:7)
  3 scorpions
  3 troll zombies (D:9)
  13 killer bees
  3 wights (D:10)
  9 electric eels (D:8)
  6 howler monkeys
  8 crimson imps
  A bullfrog zombie (D:8)
  2 hounds (D:10)
  A quasit (D:6)
  A centaur zombie (D:8)
  Crazy Yiuf (D:2)
  9 orc wizards
  A bullfrog skeleton (D:4)
  3 jellies
  4 orc priests
  Jessica (D:3)
  7 worker ants
  3 iguanas
  A killer bee zombie (D:10)
  3 ogre zombies (D:9)
  2 hound zombies
  A hound skeleton (D:7)
  A worker ant zombie (D:7)
  5 gnolls
  18 adders
  2 shadow imps
  An ooze (D:2)
  An adder zombie (D:8)
  3 adder skeletons
  3 worms
  A dart slug (D:1)
  4 leopard geckos
  28 orcs
  3 ball pythons
  2 giant cockroaches
  14 goblins
  6 hobgoblins
  4 jackals (D:2)
  3 quokkas
  A ball python zombie (D:5)
  18 bats
  6 frilled lizards
  A goblin skeleton (D:9)
  A goblin zombie (D:9)
  2 hobgoblin skeletons (D:9)
  2 hobgoblin zombies (D:9)
  A jackal skeleton (D:4)
  10 kobolds
  A leopard gecko zombie (D:5)
  An orc skeleton (D:9)
  12 orc zombies (D:9)
  A quokka zombie (D:6)
  11 rats
  A spectral weapon (D:9)
325 creatures vanquished.

Vanquished Creatures (others)
  3 orcs (D:8)
  6 plants (D:8)
  6 spectral weapons
15 creatures vanquished.

Grand Total: 340 creatures vanquished

Notes
Turn   | Place    | Note
-------+----------+-------------------------------------------
     0 | D:1      | Isola the Merfolk Skald began the quest for the Orb.
     0 | D:1      | Reached XP level 1. HP: 16/16 MP: 3/3
   451 | D:1      | Reached XP level 2. HP: 22/22 MP: 0/5
   671 | D:1      | Reached skill level 4 in Polearms
   737 | D:1      | Reached XP level 3. HP: 19/27 MP: 1/6
   830 | D:1      | Learned a level 2 spell: Shroud of Golubria
   833 | D:1      | Learned a level 2 spell: Song of Slaying
  1244 | D:2      | Found an iron altar of Okawaru.
  1378 | D:2      | Found a runed door.
  1415 | D:2      | Reached skill level 5 in Polearms
  1415 | D:2      | Reached XP level 4. HP: 32/33 MP: 0/7
  1967 | D:2      | Found a burning altar of Makhleb.
  2357 | D:2      | Found a shimmering altar of Xom.
  2910 | D:2      | Noticed Crazy Yiuf
  2925 | D:2      | Killed Crazy Yiuf
  2925 | D:2      | Reached XP level 5. HP: 26/38 MP: 2/8
  3212 | D:3      | Learned a level 3 spell: Spectral Weapon
  3256 | D:3      | Reached skill level 6 in Polearms
  3734 | D:2      | Became a worshipper of Warmaster Okawaru
  3832 | D:3      | Noticed Isola's ghost (amateur MfSk)
  3913 | D:3      | Killed Isola's ghost
  3913 | D:3      | Reached skill level 7 in Polearms
  3913 | D:3      | Reached XP level 6. HP: 14/44 MP: 1/9
  4262 | D:3      | Noticed Jessica
  4267 | D:3      | Killed Jessica
  4267 | D:3      | Reached skill level 5 in Charms
  4648 | D:4      | Reached skill level 8 in Polearms
  4933 | D:4      | Reached * piety under Okawaru
  4933 | D:4      | Reached XP level 7. HP: 37/50 MP: 10/10
  5233 | D:4      | Found a radiant altar of Vehumet.
  5602 | D:5      | Entered Level 5 of the Dungeon
  5964 | D:5      | Reached skill level 9 in Polearms
  5974 | D:5      | Reached skill level 1 in Invocations
  6009 | D:5      | Found a hazy altar of Hepliaklqana.
  6276 | D:5      | Found a sparkling altar of Nemelex Xobeh.
  6522 | D:5      | Found a basalt altar of Yredelemnul.
  6536 | D:5      | Reached XP level 8. HP: 48/56 MP: 11/11
  6577 | D:5      | Reached skill level 10 in Polearms
  7091 | D:5      | Reached ** piety under Okawaru
  7281 | D:5      | Found Atrul's Antique Weapon Shoppe.
  7611 | D:6      | Reached skill level 11 in Polearms
  7829 | D:6      | Found Guriamatal's Gadget Emporium.
  7912 | D:6      | Found a snail-covered altar of Cheibriados.
  7915 | D:6      | Found Yhet's Jewellery Shop.
  7990 | D:6      | Reached XP level 9. HP: 57/61 MP: 12/12
  8308 | D:7      | Noticed Prince Ribbit
  8326 | D:7      | Killed Prince Ribbit
  8326 | D:7      | Reached skill level 12 in Polearms
  8421 | D:7      | Noticed Dowan
  8423 | D:7      | Noticed Duvessa
  8439 | D:7      | Killed Duvessa
  8446 | D:7      | Killed Dowan
  8446 | D:7      | Reached *** piety under Okawaru
  8455 | D:7      | Reached skill level 5 in Invocations
  8660 | D:7      | Found a staircase to the Ecumenical Temple.
  8803 | D:7      | Reached skill level 13 in Polearms
  8868 | D:7      | Noticed Joseph
  8894 | D:7      | Killed Joseph
  8894 | D:7      | Reached **** piety under Okawaru
  9317 | D:8      | Reached XP level 10. HP: 57/67 MP: 9/14
  9505 | D:8      | Reached skill level 14 in Polearms
 10586 | D:8      | Received a gift from Okawaru
 10827 | D:8      | Noticed a two-headed ogre
 10838 | D:8      | Killed a two-headed ogre
 10838 | D:8      | Reached ***** piety under Okawaru
 10838 | D:8      | Reached skill level 5 in Dodging
 12251 | D:9      | Found Higutow's Distillery.
 12264 | D:9      | Bought a potion of haste for 120 gold pieces
 12264 | D:9      | Bought a potion of might for 48 gold pieces
 12264 | D:9      | Bought a potion of curing for 36 gold pieces
 12264 | D:9      | Bought 2 potions of heal wounds for 120 gold pieces
 12264 | D:9      | Bought a potion of heal wounds for 60 gold pieces
 12264 | D:9      | Bought a potion of heal wounds for 60 gold pieces
 12474 | D:9      | Found a glowing silver altar of Zin.
 12520 | D:9      | Noticed a two-headed ogre
 12527 | D:9      | Killed a two-headed ogre
 12678 | D:9      | Reached XP level 11. HP: 65/75 MP: 8/16
 12714 | D:9      | Reached skill level 15 in Polearms
 12736 | D:9      | Noticed a two-headed ogre
 12746 | D:9      | Killed a two-headed ogre
 12746 | D:9      | Received a gift from Okawaru
 12746 | D:9      | Reached ****** piety under Okawaru
 12797 | D:9      | Found a staircase to the Orcish Mines.
 12928 | D:9      | Noticed a two-headed ogre
 12941 | D:9      | Killed a two-headed ogre
 13063 | D:9      | Learned a level 3 spell: Regeneration
 13430 | D:9      | Reached skill level 5 in Fighting
 13705 | D:10     | Entered Level 10 of the Dungeon
 13791 | D:10     | Reached skill level 16 in Polearms
 13947 | D:10     | Noticed a two-headed ogre
 13952 | D:10     | Killed a two-headed ogre
 13953 | D:10     | Noticed a two-headed ogre
 13957 | D:10     | Killed a two-headed ogre
 14202 | D:10     | Noticed Snorg
 14213 | D:10     | Killed Snorg
 14213 | D:10     | Reached skill level 17 in Polearms
 14427 | D:10     | Noticed Mulkerokala's ghost (journeyman OgAM)
 14443 | D:10     | Killed Mulkerokala's ghost
 14443 | D:10     | Received a gift from Okawaru
 14443 | D:10     | Reached XP level 12. HP: 86/89 MP: 12/19
 14444 | D:10     | Got a sheer robe {god gift}
 14499 | D:10     | Reached skill level 10 in Invocations
 14872 | D:11     | Reached skill level 10 in Charms
 14887 | D:11     | Reached skill level 18 in Polearms
 14919 | D:11     | Slain by a skeletal warrior

Vault maps used:
D:1:      nicolae_arrival_memento_mori, st_stairs_9
D:2:      nicolae_overflow_hidden_temple, old_standard_altar, tgw_xom,
          first_bread, kennysheep_generic_room_13, uniq_crazy_yiuf_cottage
D:3:      uniq_jessica
D:4:      lemuel_doored_altar, roderic_curled_sauvastika,
          kennysheep_generic_room_2
D:5:      lemuel_coloured_pillars_altar, nemelex_xobeh_ov_fountains_minmay,
          nicolae_overflow_crystal_walls, serial_shops, nicolae_shop_waterfront
D:6:      kennysheep_mini_moat, serial_shops, nicolae_shop_stone, shop
D:7:      minmay_temple_entry_mist, uniq_joseph, uniq_duvessa,
          uniq_prince_ribbit1
D:8:      serial_bayou, serial_bayou_ford_a, serial_bayou_pond_c,
          serial_bayou_lagoon_b, serial_bayou_pond_b
D:9:      zin_academy, zombieorc1_lemuel, serial_shops, nicolae_shop_waterfront
D:10:     blue_anna_alchemist, kennysheep_generic_room_14, uniq_snorg
D:11:     erik_lair_orcish_takeover, lemuel_statue_altar

Skill      XL: |  1  2  3  4  5  6  7  8  9 10 11 12 |
---------------+-------------------------------------+-----
Dodging        | 3 6 |  6.6
Polearms       | 4 5 7 8 9 11 13 14 17 18 | 18.1
Charms         | 4 5 6 7 8 9 10 | 10.3
Invocations    | 2 4 6 7 9 10 | 10.0
Fighting       | 3 6 7 |  7.6
Armour         | |  0.6
Spellcasting   | |  2.0

Action                   |  1- 3 |  4- 6 |  7- 9 | 10-12 || total
-------------------------+-------+-------+-------+-------++-------
Melee: Spear             |   109 |   259 |    55 |       ||   423
       Tailslap          |       |     1 |       |     3 ||     4
       Trident           |       |       |   476 |   173 ||   649
       Glaive            |       |       |       |   350 ||   350
 Cast: Infusion          |     6 |    14 |    17 |     1 ||    38
       Shroud of Golubri |     1 |     8 |    22 |    42 ||    73
       Spectral Weapon   |       |     1 |     9 |    44 ||    54
       Song of Slaying   |       |       |     2 |     1 ||     3
       Regeneration      |       |       |       |     1 ||     1
Invok: Heroism           |       |       |     1 |     2 ||     3
       Finesse           |       |       |       |     1 ||     1
  Use: Scroll            |     2 |     2 |     3 |     2 ||     9
       Potion            |       |     2 |       |     8 ||    10
 Stab: Sleeping          |       |       |     2 |       ||     2
       Distracted        |       |       |     2 |     3 ||     5
  Eat: Chunk             |     2 |    11 |    14 |    26 ||    53
       Meat ration       |       |       |     1 |       ||     1
       Fruit             |       |       |       |     1 ||     1
Armor: Leather armour    |    10 |    20 |    79 |    93 ||   202
       Skin              |       |       |       |    26 ||    26
Dodge: Dodged            |    62 |   114 |   284 |   326 ||   786
